 Dungeon Crawl Stone Soup version 0.27.0-1-g7a089689b8 (webtiles) character file.

Game seed: 5915186310087267613

3266 Sobieck the Nimble (level 10, -9/60 (64) HPs)
             Began as a Kobold Berserker on Aug 4, 2021.
             Was a Priest of Trog.
             Mangled by a wight (16 damage)
             ... on level 7 of the Dungeon.
             The game lasted 00:14:15 (7594 turns).

Sobieck the Nimble (Kobold Berserker)               Turns: 7594, Time: 00:14:16

HP:   -9/60 (64)    AC:  7    Str: 18    XL:     10   Next: 19%
MP:   10/10         EV: 16    Int:  8    God:    Trog [***...]
Gold: 95            SH: 11    Dex: 15    Spells: 9/9 levels left

rFire    . . .     SeeInvis .   a - +3 dagger (speed) {short}
rCold    . . .     Faith    .   f - +0 buckler
rNeg     . . .     Spirit   .   y - +0 scale mail
rPois    .         Reflect  +   (no helmet)
rElec    .         Harm     .   (no cloak)
rCorr    .         Rampage  .   (no gloves)
Will     .....                  (no boots)
Stlth    +.........             D - amulet of reflection
HPRegen  0.20/turn              (no ring)
MPRegen  0.12/turn              (no ring)

@: on berserk cooldown, slowed, drained, very slow
A: small, no large weapons, nightstalker 3
a: Renounce Religion, Berserk, Trog's Hand


You were on level 7 of the Dungeon.
You worshipped Trog.
Trog was most pleased with you.
You visited 1 branch of the dungeon, and saw 7 of its levels.

You collected 359 gold pieces.
You spent 264 gold pieces at shops.


Innate Abilities, Weirdness & Mutations

You are small and have problems with some larger weapons.
You are completely attuned to the shadows.


   Skills:
 + Level 7.9 Fighting
 - Level 7.0 Short Blades
 + Level 5.1 Armour
 + Level 8.3 Dodging
 - Level 5.6 Shields


You had 9 spell levels left.
You didn't know any spells.
Your spell library contained the following spells:

 Spells                   Type           Power      Damage    Failure   Level
 Passwall                 Tmut/Erth      0%         N/A       88%         2
 Gell's Gravitas          Tloc           0%         N/A       98%         3
 Lesser Beckoning         Tloc           0%         N/A       98%         3
 Portal Projectile        Hex/Tloc       0%         N/A       98%         3
 Swiftness                Air            0%         N/A       98%         3
 Teleport Other           Tloc           0%         N/A       98%         3
 Blade Hands              Tmut           0%         N/A       100%        5
 Excruciating Wounds      Necr           0%         N/A       100%        5
 Invisibility             Hex            0%         N/A       100%        6

Inventory:

Hand Weapons
 a - a +3 dagger of speed (weapon) {short}
   (You found it on level 3 of the Dungeon)
 b - a +0 hunting sling {sling}
   (You took it off Joseph on level 7 of the Dungeon)
 m - a +0 short sword {short}
 q - a +3 dagger of venom {short}
   (You bought it in a shop on level 3 of the Dungeon)
 w - a +1 long sword of flaming {long}
   (You bought it in a shop on level 5 of the Dungeon)
Missiles
 i - 92 stones (quivered) {throwing}
 o - 2 atropa-tipped darts {throwing}
 r - 51 arrows
 t - 12 poisoned darts {throwing}
 G - 10 sling bullets
Armour
 d - a +0 ring mail
   (You found it on level 1 of the Dungeon)
 f - a +0 buckler (worn)
   (You found it on level 3 of the Dungeon)
 l - a +1 robe of willpower
   (You took it off Dowan on level 5 of the Dungeon)
 x - a +0 kite shield
   (You took it off a gnoll sergeant on level 6 of the Dungeon)
 y - a +0 scale mail (worn)
   (You took it off a gnoll sergeant on level 6 of the Dungeon)
 H - a +0 animal skin
Magical Staves
 E - a staff of cold {forbidden!astaff}
   (You found it on level 6 of the Dungeon)
Jewellery
 h - a ring of fire
   (You found it on level 1 of the Dungeon)
 D - an amulet of reflection (around neck)
   (You found it on level 6 of the Dungeon)
Wands
 k - a wand of flame (76)
   (You found it on level 2 of the Dungeon)
 s - a wand of paralysis (13)
   (You found it on level 5 of the Dungeon)
Scrolls
 u - a scroll of teleportation {@r4}
 v - a scroll of acquirement {unknown}
 z - a scroll of noise {unknown}
 A - 3 scrolls of blinking {!r}
 B - a scroll of torment {unknown}
 C - a scroll of holy word {unknown}
 I - a scroll of amnesia {unknown}
Potions
 c - 2 potions of curing {@q1}
 e - a potion of invisibility
 g - a potion of cancellation
 j - 2 potions of berserk rage {unknown}
 n - a potion of brilliance {unknown}
 p - 4 potions of flight
 F - a potion of resistance {unknown}

Dungeon Overview and Level Annotations

Branches:
Dungeon (7/15)
 Temple: D:4-7

Altars:
Wu Jian

Shops:
D:3 ( D:5

( #####......
#...#..<...
##.#........
##..#########
##. #..## .
..## ##[##
..#(.# ###..#
.....####<..##
#.##.#z@..###
#....O†.(....#
###.....#.....
#).###.##..##
#.## .......
#)# .####...
#)# #.) ...'


You could see a wight (ally target) and a friendly ogre (summoned, berserk).


Message History

Trog accepts your kill.
You hit the sky beast.
Unknown command.
You hit the sky beast. The sky beast hits you. The sky beast shocks you.
You closely miss the sky beast. The sky beast barely misses you.
You hit the sky beast but do no damage.
Unknown command.
You hit the sky beast. The sky beast completely misses you.
An orc comes into view. It is wielding a +0 whip.
You hit the sky beast but do no damage.
The sky beast hits you but does no damage.
You closely miss the sky beast. You block the sky beast's attack.
You hit the sky beast. You closely miss the sky beast.
You block the sky beast's attack.
You hit the sky beast. The sky beast hits you. The sky beast shocks you.
Unknown command.
You hit the sky beast. You closely miss the sky beast.
The sky beast hits you but does no damage.
An orc comes into view. It is wielding a +0 short sword.
You closely miss the sky beast. The sky beast barely misses you.
You closely miss the sky beast.
Unknown command.
You hit the sky beast. You block the sky beast's attack.
You closely miss the sky beast.
An orc comes into view. It is wielding a +3 trident.
The sky beast misses you.
You miss the sky beast. You closely miss the sky beast.
You block the sky beast's attack.
Unknown command.
You hit the sky beast but do no damage. You block the sky beast's attack.
You hit the sky beast but do no damage. You hit the sky beast.
The sky beast hits you. The sky beast shocks you.
You miss the sky beast.
The sky beast hits you but does no damage.
Unknown command.
You barely miss the sky beast. You hit the sky beast.
You kill the sky beast!
Trog accepts your kill.
Unknown command.
You closely miss the orc. The orc hits you but does no damage.
You hit the orc. You hit the orc. The orc barely misses you.
You hit the orc.
You kill the orc!
Trog accepts your kill.
You closely miss the orc. You closely miss the orc. The orc misses you.
Unknown command.
You hit the orc. You block the orc's attack. x2
You closely miss the orc. You block the orc's attack.
The orc barely misses you.
Unknown command.
You hit the orc. You closely miss the orc. The orc barely misses you.
The orc hits you but does no damage.
You barely miss the orc. You block the orc's attack.
You hit the orc but do no damage. You block the orc's attack.
You barely miss the orc. The orc hits you but does no damage.
You block the orc's attack.
You hit the orc. You block the orc's attack. x2
You hit the orc but do no damage. You hit the orc. You block the orc's attack.
The orc misses you.
Unknown command.
You hit the orc but do no damage. You block the orc's attack.
The orc hits you but does no damage.
You barely miss the orc. The orc barely misses you.
You hit the orc.
You kill the orc!
Trog accepts your kill.
Unknown command.
You hit the wight. You block the orc's attack.
You barely miss the wight.
The wight hits you with a +5 dire flail!!
* * * LOW HITPOINT WARNING * * *
You hit the wight. You block the orc's attack.
The wight hits you with a +5 dire flail.
* * * LOW HITPOINT WARNING * * *
You feel drained.
* * * LOW HITPOINT WARNING * * *
You hit the wight but do no damage. You block the orc's attack.
Your ogre goes berserk!
You can no longer call in reinforcements.
The wight hits you with a +5 dire flail!
* * * LOW HITPOINT WARNING * * *
You feel drained.
* * * LOW HITPOINT WARNING * * *
You block the orc's attack. You block the wight's attack.
The orc hits your ogre with a +3 trident!
Your ogre hits the orc with a +0 giant club!!
The orc dies!
Trog accepts your kill. You block the wight's attack.
Your ogre closely misses the wight.
Your ogre barely misses the wight.
Your ogre rages.
The wight misses you.
Your ogre completely misses the wight.
Your ogre hits the wight with a +0 giant club.
The wight hits you with a +5 dire flail!
You die...

Skill      XL: |  1  2  3  4  5  6  7  8  9 10 |
---------------+-------------------------------+-----
Short Blades   | 5 6 7 |  7.0
Dodging        | 3 4 6 7 8 |  8.3
Shields        | 1 2 3 5 |  5.6
Fighting       | 4 5 7 |  7.9
Armour         | 3 4 5 |  5.1

Action                   |  1- 3 |  4- 6 |  7- 9 | 10-12 || total
-------------------------+-------+-------+-------+-------++-------
Melee: Short sword       |   127 |     9 |       |       ||   136
       Dagger            |       |   144 |   298 |    91 ||   533
 Fire: Hunting sling     |       |       |     3 |     3 ||     6
Throw: Stone             |     2 |       |     2 |       ||     4
Invok: Berserk           |     3 |     3 |    11 |     2 ||    19
       Brothers in Arms  |       |       |       |     1 ||     1
  Use: Scroll            |     5 |     4 |       |       ||     9
 Stab: Sleeping          |     8 |     4 |       |       ||    12
Armor: Ring mail         |    31 |    22 |    22 |       ||    75
       Scale mail        |       |       |    11 |     7 ||    18
Dodge: Dodged            |    74 |    64 |    70 |    20 ||   228
Block: Buckler           |       |       |    55 |    34 ||    89
       Reflection        |       |       |     1 |       ||     1

Levels and vault maps discovered:
D:1:      minmay_arrival_three_doors, layout_basic,
          hellmonk_ecumenical_altar_heavens_door
D:2:      layout_loops_ring
D:3:      layout_basic, lemuel_round_altar, serial_shops, shop,
          minmay_stone_trees_small, dk_noncrumbling_3, uniq_ijyb
D:4:      layout_cave_pools
D:5:      layout_rooms, serial_park_tiny_2, doesnt_shop_hydraphobe, uniq_duvessa
D:6:      layout_basic
D:7:      minmay_the_grid_triangle_9x9_rhombus_thin
          [minmay_the_grid_triangle_9x9_longest,
          minmay_the_grid_triangle_9x9_prize_top_heavy,
          minmay_the_grid_triangle_9x9_windchime,
          minmay_the_grid_triangle_9x9_skeleton], layout_rooms,
          lemuel_round_altar, minitemple, beargit_hepliaklqana_dungeon_heroes,
          uniq_menkaure, uniq_joseph

Notes
Turn   | Place    | Note
-------+----------+-------------------------------------------
     0 | D:1      | Sobieck the Kobold Berserker began the quest for the Orb.
     0 | D:1      | Reached XP level 1. HP: 14/14 MP: 1/1
   209 | D:1      | Reached XP level 2. HP: 19/19 MP: 2/2
   397 | D:1      | Reached skill level 5 in Short Blades
   647 | D:1      | Reached XP level 3. HP: 23/23 MP: 3/3
   648 | D:1      | Reached ** piety under Trog
   804 | D:1      | Found a faded altar of an unknown god.
  2050 | D:2      | Reached skill level 6 in Short Blades
  2193 | D:2      | You pick up a book of Burglary {forbidden} and begin
                  | reading...
  2193 | D:2      | You add the spells Passwall, Swiftness and Invisibility to
                  | your library.
  2405 | D:3      | Noticed Ijyb
  2415 | D:3      | Killed Ijyb
  2416 | D:3      | Reached XP level 4. HP: 28/28 MP: 4/4
  2602 | D:3      | Found an ornate altar of the Wu Jian Council.
  2623 | D:3      | Found Qunoneme's Antique Weapon Shop.
  2629 | D:3      | Bought a runed dagger for 105 gold pieces
  2722 | D:3      | Reached skill level 7 in Short Blades
  2853 | D:3      | Reached XP level 5. HP: 30/32 MP: 5/5
  3623 | D:4      | Reached skill level 3 in Dodging
  3755 | D:4      | Reached *** piety under Trog
  4067 | D:5      | Entered Level 5 of the Dungeon
  4077 | D:5      | Noticed a sky beast
  4087 | D:5      | Reached skill level 1 in Shields
  4094 | D:5      | Killed a sky beast
  4095 | D:5      | Reached skill level 4 in Fighting
  4095 | D:5      | Reached XP level 6. HP: 38/38 MP: 6/6
  4146 | D:5      | Reached skill level 2 in Shields
  4179 | D:5      | Noticed Duvessa
  4190 | D:5      | Noticed Dowan
  4200 | D:5      | Killed Duvessa
  4201 | D:5      | Reached skill level 4 in Dodging
  4201 | D:5      | Reached XP level 7. HP: 34/44 MP: 7/7
  4208 | D:5      | Killed Dowan
  4406 | D:5      | Reached skill level 3 in Shields
  4559 | D:4      | Reached skill level 5 in Fighting
  4559 | D:4      | Reached XP level 8. HP: 49/49 MP: 8/8
  4657 | D:5      | Reached skill level 5 in Dodging
  4862 | D:5      | Reached skill level 4 in Shields
  5297 | D:5      | Found Qalyle's Hydra Hut.
  5299 | D:5      | Noticed a six-headed hydra
  5302 | D:5      | Bought a +1 long sword of flaming for 159 gold pieces
  5490 | D:6      | You pick up a book of Weapons {forbidden} and begin
                  | reading...
  5490 | D:6      | You add the spells Portal Projectile, Excruciating Wounds
                  | and Blade Hands to your library.
  5599 | D:6      | Reached skill level 5 in Shields
  5903 | D:6      | You pick up a book of Displacement {forbidden} and begin
                  | reading...
  5903 | D:6      | You add the spells Lesser Beckoning, Gell's Gravitas and
                  | Teleport Other to your library.
  6266 | D:6      | Reached skill level 2 in Armour
  6714 | D:7      | Noticed Joseph
  6735 | D:7      | Killed Joseph
  6736 | D:7      | Reached skill level 3 in Armour
  6736 | D:7      | Reached skill level 6 in Dodging
  6736 | D:7      | Reached XP level 9. HP: 55/55 MP: 9/9
  6753 | D:7      | Reached skill level 6 in Fighting
  6932 | D:6      | Reached skill level 4 in Armour
  6932 | D:6      | Reached skill level 7 in Dodging
  6939 | D:6      | Reached skill level 7 in Fighting
  7229 | D:6      | Reached XP level 10. HP: 63/63 MP: 10/10
  7354 | D:7      | Reached skill level 8 in Dodging
  7531 | D:7      | Reached **** piety under Trog
  7532 | D:7      | Reached skill level 5 in Armour
  7588 | D:7      | HP: 8/62 [wight (12)]
  7594 | D:7      | Mangled by a wight

Vanquished Creatures
  Joseph (D:7)
  6 yaks
  A water moccasin (D:7)
  Duvessa (D:5)
  2 sky beasts
  3 ice beasts
  A centaur (D:6)
  A gnoll sergeant (D:6)
  A scorpion (D:6)
  A bullfrog (D:6)
  Dowan (D:5)
  2 water moccasin zombies (D:5)
  3 howler monkeys (D:7)
  A bullfrog zombie (D:6)
  2 centaur zombies
  2 hounds
  2 jellies
  2 centaur skeletons (D:5)
  Ijyb (D:3)
  2 iguanas
  A killer bee zombie (D:7)
  3 gnolls (D:6)
  5 adders
  A white imp (D:6)
  An adder skeleton (D:5)
  2 dart slugs
  11 orcs
  11 ball pythons
  6 bats
  8 endoplasms
  2 giant cockroaches
  5 goblins
  9 hobgoblins
  6 jackals
  3 quokkas
  2 frilled lizards (D:1)
  7 kobolds
  6 rats
125 creatures vanquished.

Vanquished Creatures (collateral kills)
  An orc (D:7)
1 creature vanquished.

Vanquished Creatures (others)
  A plant (D:5)
1 creature vanquished.

Grand Total: 127 creatures vanquished

Table legend:
 A = Non-vault XP
 B = Vault XP
 C = Vault XP percentage of total XP
 D = Non-vault monster count
 E = Vault monster count
 F = Vault count percentage of total count
                 A         B        C        D         E       F
            +---------+---------+-------+---------+---------+-------
      Total |    3934 |     733 |  15.7 |     121 |       5 |   4.0
            +---------+---------+-------+---------+---------+-------
        D:1 |      34 |       0 |   0.0 |      22 |       0 |   0.0
        D:2 |      32 |       0 |   0.0 |      19 |       0 |   0.0
        D:3 |      67 |      39 |  36.8 |      26 |       1 |   3.7
        D:4 |     198 |       0 |   0.0 |      10 |       0 |   0.0
        D:5 |     639 |     225 |  26.0 |      12 |       2 |  14.3
        D:6 |    1716 |       0 |   0.0 |      17 |       0 |   0.0
        D:7 |    1248 |     469 |  27.3 |      15 |       2 |  11.8
            +---------+---------+-------+---------+---------+-------

Illustrated notes

Table legend:
 A = Kills in this place as a percentage of kills in entire the game.
 B = Kills by you in this place as a percentage of kills by you in the entire game.
 C = Kills by friends in this place as a percentage of kills by friends in the entire game.
 D = Other kills in this place as a percentage of other kills in the entire game.
 E = Experience gained in this place as a percentage of experience gained in the entire game.
 F = Experience gained in this place divided by the number of levels of this place that you have seen.
                   A       B       C       D       E      F
               +-------+-------+-------+-------+-------+----------------------
         Total | 100.0 | 100.0 | 100.0 |   N/A | 100.0 | 666.7
       Dungeon | 100.0 | 100.0 | 100.0 |   N/A | 100.0 | 666.7
               +-------+-------+-------+-------+-------+----------------------

Table legend: (Time is in decaauts)
 A = Elapsed time spent in this place.
 B = Non-inter-level travel time spent in this place.
 C = Inter-level travel time spent in this place.
 D = Time resting spent in this place.
 E = Time spent auto-exploring this place.
 F = Levels seen in this place.
 G = Mean time per level.
                   A        B        C        D        E       F      G
               +--------+--------+--------+--------+--------+-----+--------+
         Total |   7444 |   7316 |    128 |   2332 |   4098 |   7 | 1063.4 |
       Dungeon |   7444 |   7316 |    128 |   2332 |   4098 |   7 | 1063.4 |
               +--------+--------+--------+--------+--------+-----+--------+

Top non-repeatable levels by time:
     D:6: 1961 daAuts
     D:2: 1219 daAuts
     D:3: 1125 daAuts
     D:5: 1106 daAuts
     D:1: 1049 daAuts
     D:4: 738 daAuts
     D:7: 244 daAuts
